 Dungeon Crawl Stone Soup version 0.30-a0-996-ga6910c8ee8 (webtiles) character file.

Game seed: 12203692056791773511

3018 ThatPearl the Grasshopper (level 9, -1/47 HPs)
             Began as a Vine Stalker Brigand on Apr 5, 2023.
             Was a Believer of Wu Jian.
             Slain by a kobold brigand
             ... wielding a +0 whip
              (3 damage)
             ... on level 8 of the Dungeon.
             The game lasted 00:31:40 (5818 turns).

ThatPearl the Grasshopper (Vine Stalker Brigand)    Turns: 5818, Time: 00:31:40

Health: -1/47      AC:  0    Str: 13    XL:     9   Next: 85%
Magic:  0/20       EV: 13    Int: 15    God:    Wu Jian [**....]
Gold:   0          SH:  0    Dex: 17    Spells: 14/21 levels left

rFire   . . .      SeeInvis .    G - melded +0 scimitar
rCold   . . .      Faith    .    (shield currently unavailable)
rNeg    . . .      Spirit   +    g - melded quicksilver dragon scales
rPois   .          Reflect  .    (helmet currently unavailable)
rElec   .          Rampage  .    c - melded +0 cloak
rCorr   .                        (gloves currently unavailable)
Will    +....                    u - melded +0 pair of boots
Stlth   +++                      (no amulet)
HPRegen 1.07/turn                (ring currently unavailable)
MPRegen 0.17/turn                (ring currently unavailable)

@: lethally poisoned (-1 -> -2), pig-form (expiring), very quick
A: fast, no casting, small, (fangs 3), regeneration 1, magic shield, (antimagic
bite), no potion heal 2
a: Renounce Religion, Wall Jump


You were on level 8 of the Dungeon.
You worshipped Wu Jian.
Wu Jian was pleased with you.
You were a filthy swine.
You visited 1 branch of the dungeon, and saw 8 of its levels.
You also visited: Ossuary.

Inventory:

Hand Weapons
 a - a +2 dagger
 k - a +0 sling
 v - a +0 long sword
 G - a +0 scimitar (melded)
Missiles
 d - 12 poisoned darts (quivered)
 e - 3 curare-tipped darts
 i - 7 javelins
 s - 10 boomerangs
 N - a throwing net
Armour
 c - a +0 cloak (melded)
 g - quicksilver dragon scales (melded)
 u - a +0 pair of boots (melded)
 H - +0 steam dragon scales
Scrolls
 h - 10 scrolls of identify {unknown}
 l - 2 scrolls of noise {unknown}
 n - a scroll of amnesia {unknown}
 q - a scroll of butterflies {unknown}
 w - 2 scrolls of poison {unknown}
 x - a scroll of magic mapping {unknown}
 y - a scroll of brand weapon {unknown}
 z - a scroll of vulnerability {unknown}
 A - a scroll of fear {unknown}
 C - 4 scrolls of teleportation {unknown}
 F - a scroll of fog {unknown}
 M - 2 scrolls of torment {unknown}
Potions
 b - 3 potions of brilliance
 f - 2 potions of degeneration {unknown}
 j - a potion of mutation {unknown}
 m - 8 potions of heal wounds
 o - 5 potions of curing {unknown}
 r - 2 potions of might {unknown}
 t - 5 potions of flight {unknown}
 B - a potion of ambrosia {unknown}
 D - a potion of resistance {unknown}
 I - a potion of lignification {unknown}
 J - a potion of magic {unknown}
 L - a potion of berserk rage {unknown}


   Skills:
 - Level 5.0 Fighting
 - Level 1.7 Short Blades
 - Level 1.7 Throwing
 + Level 4.0 Armour
 - Level 0.7 Dodging
 - Level 4.8 Stealth
 + Level 5.3 Unarmed Combat
 + Level 6.7 Spellcasting
 + Level 6.8 Translocations


You had 14 spell levels left.
You knew the following spells:

 Your Spells              Type           Power      Damage    Failure   Level
a - Manifold Assault      Tloc           25%        N/A       9%          4
b - Blink                 Tloc           50%        N/A       1%          2
s - Sting                 Tmut/Pois      20%        1d4       14%         1

Your spell library contained the following spells:

 Spells                   Type           Power      Damage    Failure   Level
 Poisonous Vapours        Pois/Air       10%        N/A       21%         2
 Olgreb's Toxic Radiance  Pois           5%         N/A       80%         4
 Storm Form               Tmut/Air       2%         N/A       100%        7


Dungeon Overview and Level Annotations

Branches:
Dungeon (8/15)             Temple (0/1) D:6         Ossuary (visited)
   Lair: D:8-11

Altars:
Hepliaklqana
Kikubaaqudgha
Okawaru
Sif Muna
Uskayaw
Vehumet
Wu Jian
Xom
The Shining One

Annotations:
D:8 2 transporters, Maurice, Psyche


Innate Abilities, Weirdness & Mutations

You are a filthy swine.
You move quickly.
Your equipment is almost entirely melded.
You are incapable of wielding weapons or throwing items.
You cannot cast spells.
((You have razor-sharp teeth.))
Your natural rate of healing is unusually fast.
When hurt, damage is shared between your health and your magic reserves.
((Your bite disrupts and absorbs the magic of your enemies.))
Potions cannot restore your health.


Message History

* * * LOW HITPOINT WARNING * * *
Something groans, "What are you, a monk?"
You hit something. Something hits you!
* * * LOW HITPOINT WARNING * * *
Something grunts, "Curses!"
You closely miss something. The kobold brigand closely misses you.
You spin and attack the kobold brigand.
You hit the kobold brigand.
The kobold brigand is lightly wounded.
A poisoned dart appears from out of thin air!
The poisoned dart hits you!
You are poisoned.
The kobold brigand hits you with a +0 whip.
* * * LOW HITPOINT WARNING * * *
* * * LOW HITPOINT WARNING * * *
You feel sick.
It was a potion of heal wounds.
That seemed strangely inert.
* * * LOW HITPOINT WARNING * * *
You feel very sick.
Okay, then.
You hit the kobold.
The kobold is moderately wounded.
You feel sick. The kobold misses you.
You hear some strange, mumbled words.
You closely miss the kobold.
The kobold is moderately wounded.
Your transformation is almost over.
You feel sick. The kobold completely misses you.
You hit the kobold.
You kill the kobold!
The Council accepts your kill.
You feel sick.
Something drops a +0 dagger.
Something picks up a +0 whip.
Something drops a +0 whip.
Something picks up a +0 hand axe.
You hit the kobold brigand but do no damage.
The kobold brigand is lightly wounded.
You feel sick.
You hit the kobold brigand.
The kobold brigand is lightly wounded.
You feel sick.
The kobold brigand hits you with a +0 whip.
You die...

#####.#.≈≈#....g . ...#≈≈.#
######.#.≈≈#..###.###..#≈≈.#
.......#.≈≈#..#8###8#g.#≈≈.#
########.≈≈####.....####≈≈.#
#.≈≈≈≈≈≈≈≈~≈≈≈≈≈≈≈≈.##
#.≈≈≈≈≈≈≈≈~≈≈≈≈≈≈≈≈..#
#....................#
#########...##########...#
#...........Kh.).....#.###
#.#######...########.#.#
####.## ##...## ##...##
......# #.....# #.....#
#.###.# ##...## #.....# #.#
#.# ##.## #.....# ..# #.#
#.# ##...## ### #.# #.#
##.## # #.# ##'## #.#


You could see a kobold brigand.

Vanquished Creatures
  Maggie (D:7)
  Prince Ribbit (D:7)
  Sigmund (D:3)
  Edmund (D:4)
  2 orc warriors
  2 black bears
  An ogre (D:4)
  A centaur (D:6)
  2 kobold brigands
  2 bullfrogs (D:7)
  5 scorpions
  5 wights
  A howler monkey (D:6)
  5 hounds
  2 orc priests (D:7)
  3 sleepcaps
  Crazy Yiuf (D:5)
  3 jellies
  2 iguanas
  4 orc wizards
  8 mummies (Ossuary)
  3 gnolls (D:5)
  8 adders
  A white imp (D:8)
  3 dart slugs
  27 orcs
  5 ball pythons
  10 bats
  6 endoplasms
  3 giant cockroaches
  4 goblins
  4 hobgoblins
  20 kobolds
  5 quokkas
  A frilled lizard (D:3)
  A hobgoblin zombie (Ossuary)
  4 kobold zombies (Ossuary)
  3 orc zombies (Ossuary)
  4 rats
165 creatures vanquished.

Vanquished Creatures (others)
  6 plants (D:8)
6 creatures vanquished.

Grand Total: 171 creatures vanquished

Notes
Turn   | Place    | Note
-------+----------+-------------------------------------------
     0 | D:1      | ThatPearl the Vine Stalker Brigand began the quest for the
                  | Orb.
     0 | D:1      | Reached XP level 1. HP: 11/11 MP: 2/2
   162 | D:1      | Reached XP level 2. HP: 11/16 MP: 0/3
   193 | D:1      | Learned a level 1 spell: Sting
   727 | D:2      | Reached XP level 3. HP: 20/20 MP: 4/4
   745 | D:2      | Found an ancient bone altar of Kikubaaqudgha.
   834 | D:2      | You fall into a shaft and drop 1 floor!
   838 | D:3      | Noticed Sigmund
  1025 | D:3      | Found a faded altar of an unknown god.
  1298 | D:3      | Gained mutation: Your natural rate of healing is unusually
                  | fast. [Vine Stalker growth]
  1298 | D:3      | Reached XP level 4. HP: 23/24 MP: 4/6
  1328 | D:3      | Killed Sigmund
  1329 | D:3      | Reached XP level 5. HP: 29/29 MP: 6/9
  1495 | D:3      | Reached XP level 6. HP: 14/33 MP: 6/10
  1728 | D:4      | Found an ornate altar of the Wu Jian Council.
  1728 | D:4      | Found a shimmering altar of Xom.
  1728 | D:4      | Found a radiant altar of Vehumet.
  1740 | D:4      | Found a hide-covered altar of Uskayaw.
  1850 | D:4      | Found a sand-covered staircase.
  1866 | Ossuary  | Entered an ossuary
  2187 | Ossuary  | Learned a level 2 spell: Blink
  2192 | Ossuary  | Learned a level 4 spell: Manifold Assault
  2242 | D:4      | Reached XP level 7. HP: 37/38 MP: 10/13
  2288 | D:4      | Became a worshipper of the Wu Jian Council
  2350 | D:4      | Found an iron altar of Okawaru.
  2527 | D:4      | Reached skill level 5 in Fighting
  2603 | D:4      | Noticed Edmund
  2632 | D:4      | Killed Edmund
  2633 | D:4      | Reached skill level 1 in Unarmed Combat
  2818 | D:5      | Entered Level 5 of the Dungeon
  2879 | D:5      | Gained mutation: You have razor-sharp teeth. [Vine Stalker
                  | growth]
  2879 | D:5      | Reached XP level 8. HP: 43/43 MP: 15/15
  2997 | D:5      | Found a runed translucent door.
  2998 | D:5      | Noticed Crazy Yiuf
  3005 | D:5      | Killed Crazy Yiuf
  3163 | D:5      | Reached * piety under Wu Jian
  3164 | D:5      | Reached skill level 1 in Armour
  3607 | D:5      | Found an ancient bone altar of Kikubaaqudgha.
  3607 | D:5      | Found a glowing golden altar of the Shining One.
  3615 | D:5      | Found a shimmering blue altar of Sif Muna.
  3617 | D:5      | Found a faded altar of an unknown god.
  3619 | D:5      | Found a faded altar of an unknown god.
  3837 | D:6      | Reached skill level 5 in Spellcasting
  3837 | D:6      | Reached skill level 5 in Translocations
  4017 | D:6      | Found a staircase to the Ecumenical Temple.
  4462 | D:6      | Reached XP level 9. HP: 44/47 MP: 18/18
  4478 | D:7      | Noticed Maggie
  4538 | D:7      | Killed Maggie
  4653 | D:7      | Reached ** piety under Wu Jian
  4703 | D:7      | Found a hazy altar of Hepliaklqana.
  4964 | D:7      | Noticed Prince Ribbit
  4995 | D:7      | Killed Prince Ribbit
  5057 | D:7      | Reached skill level 5 in Unarmed Combat
  5548 | D:8      | Noticed Psyche
  5700 | D:8      | Found a transporter.
  5700 | D:8      | Found a transporter.
  5738 | D:8      | Noticed Maurice
  5813 | D:8      | HP: 2/47 [poisoned by Maurice]
  5818 | D:8      | HP: 2/47 [poisoned by Maurice]
  5818 | D:8      | Slain by a kobold brigand

Illustrated notes

Levels and vault maps discovered:
D:1:      enne_arrival_octagon_isle, layout_rooms, chequers_decorated_corner
D:2:      layout_basic, basic_altar, uniq_terence
D:3:      layout_basic, ebering_ecumenical_altar_hall, uniq_sigmund
D:4:      layout_basic, okawaru_altar_gauntlet_db,
          chequers_temple_overflow_statue_of_worship,
          nicolae_ossuary_entry_false_entrances, uniq_edmund
D:5:      layout_loops_corners, chequers_temple_overflow_minitemple,
          grunt_decor_junction, uniq_crazy_yiuf_cottage
D:6:      layout_loops_ring, minmay_temple_entry_large_hall
D:7:      layout_cave_pools, nicolae_hepliaklqana_hippocampus,
          kennysheep_generic_room_8, uniq_prince_ribbit1, uniq_maggie
D:8:      layout_loops_corners, gammafunk_ghost_gnarly_gnolls, uniq_joseph,
          uniq_psyche, uniq_maurice

Skill      XL: |  1  2  3  4  5  6  7  8  9 |
---------------+----------------------------+-----
Fighting       | 2 3 4 5 |  5.0
Spellcasting   | 2 3 4 5 6 |  6.7
Translocations | 2 3 4 5 6 |  6.8
Unarmed Combat | 1 3 5 |  5.3
Armour         | 2 4 |  4.0
Short Blades   | |  1.7
Throwing       | |  1.7
Dodging        | |  0.7
Stealth        | |  4.8

Action                     |  1- 3 |  4- 6 |  7- 9 || total
---------------------------+-------+-------+-------++-------
  Melee: Dagger            |    99 |   165 |   239 ||   503
         Bite              |    17 |    66 |   155 ||   238
         Punch             |       |       |    15 ||    15
         Scimitar          |       |       |   228 ||   228
         Unarmed           |       |       |    13 ||    13
  Throw: Dart              |       |     7 |     3 ||    10
Ability: Lunge             |       |       |    26 ||    26
         Whirlwind         |       |       |     4 ||     4
    Use: Potion            |       |       |     2 ||     2
   Stab: Sleeping          |     5 |     1 |    13 ||    19
         Distracted        |       |       |     1 ||     1
 Armour: Quicksilver drago |    52 |    81 |   274 ||   407
  Dodge: Dodged            |    61 |    71 |   277 ||   409

Table legend: (Time is in decaauts)
 A = Elapsed time spent in this place.
 B = Non-inter-level travel time spent in this place.
 C = Inter-level travel time spent in this place.
 D = Time resting spent in this place.
 E = Time spent auto-exploring this place.
 F = Levels seen in this place.
 G = Mean time per level.
                   A        B        C        D        E       F      G
               +--------+--------+--------+--------+--------+-----+--------+
         Total |   5836 |   5634 |    202 |    192 |   3140 |   9 |  648.4 |
       Dungeon |   5517 |   5315 |    202 |    180 |   3105 |   8 |  689.6 |
       Ossuary |    319 |    319 |      0 |     12 |     35 |   1 |  319.0 |
               +--------+--------+--------+--------+--------+-----+--------+

Top non-repeatable levels by time:
     D:5: 972 daAuts
     D:7: 915 daAuts
     D:3: 881 daAuts
     D:4: 758 daAuts
     D:6: 757 daAuts
     D:1: 569 daAuts
     D:8: 400 daAuts
 Ossuary: 319 daAuts
     D:2: 260 daAuts
